 Dungeon Crawl Stone Soup version 0.22.1-6-g1668fe2c40 (webtiles) character file.

1156 Flure the Covert (level 8, 0/54 HPs)
             Began as an Octopode Assassin on Jan 24, 2019.
             Was an Initiate of Dithmenos.
             Slain by Blork the orc
             ... wielding a +0 glaive
              (13 damage)
             ... on level 6 of the Dungeon.
             The game lasted 00:09:39 (3924 turns).

Flure the Covert (Octopode Assassin)                Turns: 3924, Time: 00:09:39

Health: 0/54       AC:  1    Str: 10    XL:     8   Next: 39%
Magic:  8/8        EV: 15    Int: 13    God:    Dithmenos [......]
Gold:   278        SH:  0    Dex: 16    Spells: 7/7 levels left

rFire    . . .     SeeInvis .   a - +2 dagger
rCold    . . .     Gourm    .   (no shield)
rNeg     . . .     Faith    .   (helmet restricted)
rPois    .         Spirit   .   (no amulet)
rElec    .         Reflect  .   (no ring)
rCorr    .         Harm     .   (no ring)
MR       .....                  (no ring)
Stlth    +++++.....             (no ring)
HPRegen  0.18/turn              (no ring)
MPRegen  0.11/turn              (no ring)
                                (no ring)
                                (no ring)

@: no status effects
A: almost no armour, stealthy swim, amphibious, 8 rings, constrict 8, camouflage
1, gelatinous body 1
a: Renounce Religion


You were on level 6 of the Dungeon.
You worshipped Dithmenos.
Dithmenos was noncommittal.
You were not hungry.

You visited 2 branches of the dungeon, and saw 7 of its levels.

You collected 278 gold pieces.

Inventory:

Hand Weapons
 a - a +2 dagger (weapon)
 b - a +0 blowgun
Missiles
 d - 2 curare-tipped needles
 u - 5 poisoned needles
Jewellery
 j - a +1 ring of protection {unknown}
Wands
 c - a wand of disintegration (17)
 L - a wand of random effects (24)
Scrolls
 e - 4 scrolls of identify {unknown}
 h - a scroll of remove curse {unknown}
 i - 2 scrolls of fear {unknown}
 k - 2 scrolls of fog {unknown}
 l - 3 scrolls of amnesia {unknown}
 q - a scroll of enchant weapon {unknown}
 s - 2 scrolls of teleportation {unknown}
 t - a scroll of blinking {unknown}
Potions
 g - 2 potions of curing
 m - 2 potions of flight {unknown}
 n - 2 potions of cancellation {unknown}
 o - 3 potions of heal wounds {unknown}
 p - a potion of degeneration {unknown}
 r - a potion of might {unknown}
 v - a potion of agility
Comestibles
 f - 13 rations


   Skills:
 * Level 4.5 Fighting
 + Level 4.0 Short Blades
 + Level 4.1 Throwing
 * Level 3.9 Dodging
 + Level 9.9 Stealth


You had 7 spell levels left.
You didn't know any spells.
Your spell library contained the following spells:

 Spells                   Type           Power        Failure   Level  Hunger
 Confusing Touch          Hex            #.....       30%         1    ##.....
 Confuse                  Hex            #.......     67%         3    ####...
 Gell's Gravitas          Tloc           #.........   67%         3    ####...
 Petrify                  Tmut/Erth      #.......     97%         4    #####..
 Metabolic Englaciation   Hex/Ice        #.........   100%        5    ######.
 Yara's Violent Unravell  Hex/Tmut       #.........   100%        5    ######.


Dungeon Overview and Level Annotations

Branches:
Dungeon (6/15)             Temple (1/1) D:4

Altars:
Ashenzari
Cheibriados
Dithmenos
Elyvilon
Fedhas
Gozag
Hepliaklqana
Kikubaaqudgha
Makhleb
Nemelex Xobeh
Qazlal
Ru
Sif Muna
Trog
Uskayaw
Vehumet
Wu Jian
Xom
Zin
The Shining One
Lugonu

Shops:
D:5 }

Annotations:
D:3 1 runed door, lenfi's ghost, amateur NaVM
D:6 Blork the orc; Prince Ribbit


Innate Abilities, Weirdness & Mutations

You cannot wear most types of armour.
You are very stealthy in the water. (Stealth+)
You are amphibious.
You can wear up to eight rings at the same time.
You can use your tentacles to constrict eight enemies at once.
Your skin changes colour to match your surroundings (Stealth+).
Your rubbery body absorbs attacks. (AC +1, EV +1)


Message History

Deactivating autopickup; reactivate with Ctrl-A.
Prince Ribbit hits you!
You hit Prince Ribbit.
Prince Ribbit is severely wounded.
You constrict Prince Ribbit. Something hits you!
Prince Ribbit struggles to blink free from constriction.
You hit Prince Ribbit.
Prince Ribbit is severely wounded.
You constrict Prince Ribbit. Something hits you! Prince Ribbit hits you.
* * * LOW HITPOINT WARNING * * *
You hit Prince Ribbit.
Prince Ribbit is almost dead.
You constrict Prince Ribbit.
Prince Ribbit blinks free!
Something hits you.
* * * LOW HITPOINT WARNING * * *
It was a potion of curing.
You feel better.
Prince Ribbit casts a spell.
Prince Ribbit looks slightly unstable.
Something hits you!
* * * LOW HITPOINT WARNING * * *
You feel better. Something hits you!
You die...

#.## ##.# #.##
#.# ##.# #.##
##.# #..# #@##
##.# #{## ##S#
##Fo#########
#.....F.o....
...........S....
..#......<...o...
................


You could see Prince Ribbit, an adder and an orc.

Vanquished Creatures
  Grinder (D:3)
  Eustachio (D:4)
  Edmund (D:6)
  2 ogres
  A bullfrog (D:6)
  A scorpion (D:5)
  A howler monkey (D:4)
  2 crimson imps (D:5)
  A jelly (D:5)
  A hound (D:5)
  A bullfrog zombie (D:5)
  2 worker ants
  2 iguanas
  7 adders
  2 oozes (D:1)
  3 dart slugs
  2 worms
  3 leopard geckos
  8 bats
  2 giant cockroaches
  9 goblins
  7 hobgoblins
  4 jackals (D:2)
  4 quokkas
  5 frilled lizards
  A jackal zombie (D:5)
  3 kobolds (D:1)
  A quokka skeleton (D:5)
  6 rats
84 creatures vanquished.

Notes
Turn   | Place    | Note
-------+----------+-------------------------------------------
     0 | D:1      | Flure the Octopode Assassin began the quest for the Orb.
     0 | D:1      | Reached XP level 1. HP: 14/14 MP: 1/1
   192 | D:1      | Reached skill level 6 in Stealth
   192 | D:1      | Reached XP level 2. HP: 19/19 MP: 2/2
   549 | D:1      | Reached XP level 3. HP: 24/24 MP: 3/3
   963 | D:2      | Found a white marble altar of Elyvilon.
   963 | D:2      | Found a glowing golden altar of the Shining One.
   963 | D:2      | Found a glowing silver altar of Zin.
  1013 | D:2      | Reached skill level 7 in Stealth
  1102 | D:2      | Reached XP level 4. HP: 24/29 MP: 4/4
  1296 | D:3      | Found a runed door.
  1296 | D:3      | Noticed lenfi's ghost (amateur NaVM)
  1342 | D:3      | Found a faded altar of an unknown god.
  1344 | D:3      | Noticed Grinder
  1351 | D:3      | Killed Grinder
  1351 | D:3      | Reached skill level 8 in Stealth
  1351 | D:3      | Reached XP level 5. HP: 36/36 MP: 5/5
  1351 | D:3      | Reached XP level 6. HP: 42/42 MP: 6/6
  1814 | D:3      | Found a blossoming altar of Fedhas.
  1814 | D:3      | Found a sacrificial altar of Ru.
  1881 | D:4      | Noticed Eustachio
  2081 | D:4      | Found a sparkling altar of Nemelex Xobeh.
  2081 | D:4      | Found a burning altar of Makhleb.
  2081 | D:4      | Found a shadowy altar of Dithmenos.
  2087 | D:4      | Became a worshipper of Dithmenos the Shadowed
  2339 | D:4      | Reached skill level 9 in Stealth
  2526 | D:4      | Found a deep blue altar of Sif Muna.
  2577 | D:4      | Reached XP level 7. HP: 46/46 MP: 7/7
  2817 | D:4      | Found a staircase to the Ecumenical Temple.
  2824 | Temple   | Entered the Ecumenical Temple
  2907 | D:4      | Killed Eustachio
  2984 | D:5      | Entered Level 5 of the Dungeon
  3100 | D:5      | Found Apufecza's Gadget Shoppe.
  3479 | D:5      | Reached XP level 8. HP: 54/54 MP: 8/8
  3596 | D:5      | Found a hazy altar of Hepliaklqana.
  3597 | D:5      | Found a shimmering altar of Xom.
  3597 | D:5      | Noticed a tentacled monstrosity
  3598 | D:5      | Noticed a tentacled monstrosity
  3598 | D:5      | Noticed a spectral ugly thing
  3832 | D:6      | Noticed Edmund
  3851 | D:6      | Killed Edmund
  3905 | D:6      | Noticed Prince Ribbit
  3907 | D:6      | Noticed Blork the orc
  3924 | D:6      | Slain by Blork the orc

Skill      XL: |  1  2  3  4  5  6  7  8 |
---------------+-------------------------+-----
Stealth        | 6 7 8 9 |  9.9
Fighting       | 3 4 |  4.5
Dodging        | 2 3 |  3.9
Short Blades   | 3 4 |  4.0
Throwing       | 3 4 |  4.1

Action                   |  1- 3 |  4- 6 |  7- 9 || total
-------------------------+-------+-------+-------++-------
Melee: Dagger            |    47 |    66 |    42 ||   155
       Constrict         |    10 |    15 |     9 ||    34
       Tentacles         |     7 |     7 |    10 ||    24
 Fire: Blowgun           |     3 |    14 |    24 ||    41
Evoke: Wand              |       |       |     2 ||     2
  Use: Potion            |       |       |     2 ||     2
 Stab: Sleeping          |    18 |    12 |     9 ||    39
  Eat: Chunk             |       |     3 |     6 ||     9
Armor: Skin              |     1 |     3 |       ||     4
Dodge: Dodged            |    17 |    41 |    23 ||    81
